 Dungeon Crawl Stone Soup version 0.19.0-20-gbc5f0c6 (webtiles) character file.

179 Monsterracer the Chopper (level 5, -6/46 HPs)
             Began as a Hill Orc Fighter on Nov 16, 2016.
             Mangled by TotoDurand's ghost (8 damage)
             ... on level 3 of the Dungeon.
             The game lasted 00:08:59 (2566 turns).

Monsterracer the Chopper (Hill Orc Fighter)         Turns: 2566, Time: 00:09:00

Health: -6/46      AC: 14    Str: 18 (19) XL:     5   Next: 59%
Magic:  5/5        EV:  3    Int:  7 (8)  God:
Gold:   143        SH:  9    Dex: 10 (11) Spells: 0 memorised, 4 levels left

rFire  . . .     SeeInvis .     a - +0 war axe
rCold  . . .     Gourm    .     k - +0 plate armour
rNeg   . . .     Faith    .     c - +0 shield
rPois  .         Spirit   .     (no helmet)
rElec  .         Reflect  .     (no cloak)
rCorr  .         Harm     .     (no gloves)
MR     +....                    (no boots)
Stlth  ..........               (no amulet)
                                p - ring of protection from magic
                                i - +3 ring of protection

@: no status effects
A: no striking features
a: no special abilities


You were on level 3 of the Dungeon.
You were hungry.

You visited 1 branch of the dungeon, and saw 3 of its levels.

You collected 143 gold pieces.

Inventory:

Hand Weapons
 a - a +0 war axe (weapon)
Armour
 c - a +0 shield (worn)
 k - a +0 plate armour (worn)
Jewellery
 i - a +3 ring of protection (left hand)
 p - a ring of protection from magic (right hand)
 t - an uncursed ring of protection from cold
 u - an uncursed ring of fire
Scrolls
 b - a scroll of enchant armour {unknown}
 d - a scroll of magic mapping {unknown}
 e - 4 scrolls of remove curse {unknown}
 g - a scroll of fear {unknown}
 h - 2 scrolls of amnesia {unknown}
 m - 4 scrolls of teleportation {unknown}
 n - a scroll of noise {unknown}
 r - a scroll of blinking {unknown}
 v - a scroll of random uselessness {unknown}
Potions
 o - a potion of curing
Comestibles
 f - 3 bread rations
 j - a beef jerky
 l - a slice of pizza
 q - 2 meat rations
 s - 4 fruits


   Skills:
 + Level 3.7 Fighting
 * Level 7.3 Axes
 + Level 3.3 Armour
 - Level 3.2 Shields


You had 4 spell levels left.
You didn't know any spells.

Dungeon Overview and Level Annotations

Branches:
Dungeon (3/15)

Altars:

Annotations:
D:3 TotoDurand's ghost, amateur GrFi


Message History

You closely miss TotoDurand's ghost.
TotoDurand's ghost is heavily damaged.
TotoDurand's ghost hits you.
Your plate armour prevents you from hitting TotoDurand's ghost.
TotoDurand's ghost is heavily damaged.
TotoDurand's ghost hits you!
* * * LOW HITPOINT WARNING * * *
You are too injured to fight recklessly!
You hit TotoDurand's ghost but do no damage.
TotoDurand's ghost is heavily damaged.
You block TotoDurand's ghost's attack.
Your plate armour prevents you from hitting TotoDurand's ghost.
TotoDurand's ghost is heavily damaged.
TotoDurand's ghost hits you but does no damage.
TotoDurand's ghost hits you!
* * * LOW HITPOINT WARNING * * *
Your plate armour prevents you from hitting TotoDurand's ghost.
TotoDurand's ghost is heavily damaged.
TotoDurand's ghost hits you!
You die...

#..# #.#.###..............
#..####.#.###.......#######
#(......................###
#.#####....................
#.######.......##...##..###
.......'...................
#(###.##....#.......##..###
..........................
####.....@.......####.####
#.....W..[###.# ##.####
#.........# #.# #......
#.........# #.####.####
#.........# #.##...####
#........## #..........
#........# #......##.#
#.###.#######......##.#
#......................


You could see TotoDurand's ghost.

Vanquished Creatures
  An orc wizard (D:3)
  4 gnolls (D:3)
  2 oozes (D:1)
  8 worms
  3 dart slugs
  2 leopard geckos
  3 orcs (D:3)
  8 bats
  6 giant cockroaches
  7 goblins
  5 hobgoblins
  5 jackals
  2 quokkas (D:2)
  6 frilled lizards
  6 kobolds
  9 rats
77 creatures vanquished.

Notes
Turn   | Place    | Note
-------+----------+-------------------------------------------
     0 | D:1      | Monsterracer the Hill Orc Fighter began the quest for the Orb.
     0 | D:1      | Reached XP level 1. HP: 19/19 MP: 1/1
    45 | D:1      | Reached skill level 3 in Axes
   348 | D:1      | Reached XP level 2. HP: 20/26 MP: 2/2
   348 | D:1      | Reached skill level 4 in Axes
   649 | D:1      | Reached XP level 3. HP: 29/31 MP: 3/3
  1137 | D:2      | Reached skill level 5 in Axes
  1262 | D:2      | Reached XP level 4. HP: 31/39 MP: 4/4
  1650 | D:3      | Reached skill level 6 in Axes
  1660 | D:3      | Reached XP level 5. HP: 13/45 MP: 5/5
  2059 | D:3      | Reached skill level 7 in Axes
  2548 | D:3      | Noticed TotoDurand's ghost (amateur GrFi)
  2565 | D:3      | HP: 2/46 [TotoDurand's ghost (11)]
  2566 | D:3      | Mangled by TotoDurand's ghost

Skill      XL: |  1  2  3  4  5 |
---------------+----------------+-----
Axes           | 3 4 5 6 7 |  7.3
Fighting       | |  3.7
Armour         | |  3.3
Shields        | |  3.2

Action                   |  1- 3 |  4- 6 || total
-------------------------+-------+-------++-------
Melee: War axe           |   111 |   162 ||   273
  Use: Potion            |     1 |     5 ||     6
  Eat: Chunk             |     1 |     4 ||     5
Armor: Scale mail        |    31 |       ||    31
       Plate armour      |    31 |   113 ||   144
Dodge: Dodged            |    22 |    27 ||    49
Block: Shield            |    65 |    63 ||   128
